 Dungeon Crawl Stone Soup version 0.31-a0-325-g067879e3d3 (webtiles) character file.

Game seed: 29416122047661539

11198 Pooter the Cleaver (level 11, -1/99 HPs)
             Began as a Minotaur Berserker on July 18, 2023.
             Was a Believer of Trog.
             Killed from afar by a lava snake (13 damage)
             ... with a glob of lava
             ... on level 10 of the Dungeon.
             The game lasted 00:54:24 (10693 turns).

Pooter the Cleaver (Minotaur Berserker)            Turns: 10693, Time: 00:54:25

Health: -1/99      AC: 14    Str: 24    XL:     11   Next: 46%
Magic:  10/10      EV:  9    Int:  4    God:    Trog [**....]
Gold:   911        SH:  6    Dex: 12    Spells: 10/10 levels left

rFire   + . .        a - +1 war axe (protect)
rCold   + . .        j - +2 buckler
rNeg    . . .        C - +2 chain mail {rPois}
rPois   +            (helmet restricted)
rElec   +            (no cloak)
rCorr   +            c - +0 pair of gloves
SInv    .            (no boots)
Will    .....        z - amulet of regeneration Stlth
                     (no ring)
HPRegen 1.16/turn    (no ring)
MPRegen 0.12/turn

%: no passive effects
@: about to teleport, resistant
A: horns 2, retaliatory headbutt
a: Renounce Religion, Berserk, Trog's Hand


You were on level 10 of the Dungeon.
You worshipped Trog.
Trog was pleased with you.
You visited 1 branch of the dungeon, and saw 12 of its levels.

You collected 1103 gold pieces.
You spent 192 gold pieces at shops.

Inventory:

Hand Weapons
 a - a +1 war axe of protection (weapon)
   (You took it off an orc on level 4 of the Dungeon)
 b - a +2 sling of flaming
   (You took it off a goblin on level 2 of the Dungeon)
 s - a +2 war axe
   (You took it off a wight on level 6 of the Dungeon)
 y - a +0 dire flail of holy wrath
   (You took it off Edmund on level 4 of the Dungeon)
 A - a +4 scimitar of flaming
   (You took it off Erica on level 9 of the Dungeon)
 E - a +0 shortbow
   (You took it off a centaur on level 8 of the Dungeon)
 G - a +0 broad axe
   (You bought it in a shop on level 9 of the Dungeon)
Missiles
 D - 3 boomerangs
 F - a throwing net {!f}
 H - 11 poisoned darts
 Q - 76 stones (quivered)
Armour
 c - a +0 pair of gloves (worn)
   (You found it on level 1 of the Dungeon)
 j - a +2 buckler (worn)
   (You found it on level 1 of the Dungeon)
 r - a +0 plate armour
   (You found it on level 3 of the Dungeon)
 B - a +1 chain mail of cold resistance
   (You took it off Duvessa on level 7 of the Dungeon)
 C - a +2 chain mail of poison resistance (worn)
   (You found it on level 7 of the Dungeon)
Jewellery
 z - an amulet of regeneration (around neck)
   (You found it on level 3 of the Dungeon)
Wands
 f - a wand of flame (35)
   (You found it on level 4 of the Dungeon)
 i - a wand of roots (4)
   (You took it off Lodul on level 10 of the Dungeon)
 u - a wand of mindburst (3)
   (You found it on level 5 of the Dungeon)
 I - a wand of charming (6)
   (You found it on level 8 of the Dungeon)
Scrolls
 d - 4 scrolls of vulnerability {!r}
 h - a scroll of fear
 n - 5 scrolls of immolation {!r}
 o - 2 scrolls of noise {!r}
 t - 3 scrolls of teleportation {@r4}
 K - a scroll of fog
Potions
 e - 3 potions of heal wounds {@q2}
 g - 4 potions of enlightenment
 k - a potion of brilliance {unknown}
 l - 7 potions of curing {@q1}
 p - a potion of lignification {unknown}
 q - a potion of resistance
 v - 2 potions of magic {unknown}
 w - 2 potions of berserk rage {unknown}
 x - 3 potions of mutation {unknown}
 J - a potion of might {unknown}
Miscellaneous
 m - a tin of tremorstones (2/2)
   (You found it on level 11 of the Dungeon)


   Skills:
 + Level 9.7 Fighting
 * Level 13.4 Axes
 - Level 0.3(8.6) Maces & Flails
 * Level 11.4 Ranged Weapons
 - Level 8.5 Armour
 - Level 2.1 Dodging
 - Level 0.3 Shields
 + Level 1.2 Evocations


You had 10 spell levels left.
You didn't know any spells.
Your spell library was empty.

Dungeon Overview and Level Annotations

Branches:
Dungeon (12/15) Zot: 26522  Temple (0/1) D:6            Lair (0/5) D:9
    Orc: D:9-12

Altars:
Cheibriados
Dithmenos
Gozag
Hepliaklqana
Kikubaaqudgha
Nemelex Xobeh
Okawaru
Qazlal
Sif Muna
Uskayaw
Vehumet
Zin
Lugonu

Shops:
D:5 ?   D:9 (

Portals:
Abyss: D:10

Annotations:
D:9 3 runed translucent doors
D:10 Joseph
D:12 2 transporters


Innate Abilities, Weirdness & Mutations

You have a pair of horns on your head.
You reflexively headbutt those who attack you in melee.


Message History

Okay, then.
Things that are here:
a +0 dagger; a +0 robe; an orc corpse
Things that are here:
a +0 mace; an orc corpse Your skin stops crawling.
You feel less strong-willed.
Things that are here:
a +0 mace; an orc corpse
Found a stone staircase leading down.
You open the door.
There is an open door here.
You open the door.
Found 14 gold pieces.
There is an open door here.
You now have 911 gold pieces (gained 14).
There is an open door here.
Partly explored, can't reach some places.
Okay, then.
Really walk into a travel-excluded area?
You are engulfed in blazing flames.
You are engulfed in blazing flames.
You are engulfed in blazing flames.
You are engulfed in blazing flames.
A lindwurm comes into view.
Found a potion of curing.
You are engulfed in blazing flames.
* * * LOW HITPOINT WARNING * * *
The lindwurm roars!
You hear a roar!
An efreet comes into view.
It is wielding a +0 scimitar of flaming.
A lindwurm and a lava snake come into view.
Found a runed barding and a scroll of teleportation.
Found an escape hatch in the floor.
You are engulfed in blazing flames.
* * * LOW HITPOINT WARNING * * *
The lindwurm roars!
The lava snake hisses angrily.
The efreet gestures at you. The bolt of fire hits you!!
* * * LOW HITPOINT WARNING * * *
The lindwurm is engulfed in blazing flames.
As you read the scroll of teleportation {@r4}, it crumbles to dust.
You feel strangely unstable.
You are engulfed in blazing flames.
* * * LOW HITPOINT WARNING * * *
The efreet gestures at you. The bolt of fire misses you.
Found 3 stones.
Unknown command.
You feel protected.
You are engulfed in blazing flames.
You resist.
* * * LOW HITPOINT WARNING * * *
The lava snake spits lava at you. The glob of lava hits you!
You partially resist.
You die...

#...◎..#######......#.......
#.......)...........#.......
#.......))..........#.......
###################.#.......
#.#....... § #.#####... §≈≈
#.....#...
?≈≈≈≈##########.)...###'
.kR≈≈..@☼☼☼°○...........
>!k§§..§§○○§§....####...
(.≈≈S..○§§☼§§....# #...
.§≈§§############# #...
≈≈≈≈≈ #... ≈≈≈≈ #... ≈≈≈
#### ###


You could see 2 lindwurms, an efreet and a lava snake (catching breath).

Vanquished Creatures
  Erica (D:9)
  A two-headed ogre (D:10)
  Lodul (D:10)
  Pikel (D:4)
  A komodo dragon (D:9)
  Psyche (D:9)
  3 trolls
  Grinder (D:5)
  A hornet (D:9)
  5 slime creatures (D:12)
  A wyvern (D:9)
  5 yaks (D:11)
  2 steam dragons (D:7)
  Edmund (D:4)
  Menkaure (D:4)
  8 water moccasins
  Duvessa (D:7)
  5 orc warriors
  2 centaurs
  13 ogres
  2 lemures (D:3)
  5 bullfrogs
  2 gnoll sergeants
  3 scorpions
  14 wights
  Dowan (D:7)
  5 jellies
  2 hounds
  4 orc priests
  A gnoll bouda (D:9)
  3 sleepcaps
  2 iguanas (D:5)
  13 orc wizards
  Robin (D:3)
  18 gnolls
  5 adders
  3 shadow imps
  A white imp (D:8)
  An ufetubus (D:5)
  4 worms
  2 dart slugs
  28 orcs
  4 endoplasms
  3 giant cockroaches
  6 hobgoblins
  4 quokkas
  3 ball pythons
  3 bats
  3 frilled lizards
  15 goblins
  12 kobolds
  11 rats
  2 lurking horrors (D:10)
241 creatures vanquished.

Vanquished Creatures (collateral kills)
  An orc (D:10)
1 creature vanquished.

Vanquished Creatures (others)
  2 orcs
2 creatures vanquished.

Grand Total: 244 creatures vanquished

Notes
Turn   | Place    | Note
-------+----------+-------------------------------------------
     0 | D:1      | Pooter the Minotaur Berserker began the quest for the Orb.
     0 | D:1      | Reached XP level 1. HP: 19/19 MP: 0/0
   148 | D:1      | Reached skill level 4 in Axes
   256 | D:1      | Reached XP level 2. HP: 26/27 MP: 1/1
   493 | D:1      | Reached XP level 3. HP: 33/33 MP: 2/2
   937 | D:2      | Found a faded altar of an unknown god.
   967 | D:2      | Reached ** piety under Trog
  1113 | D:2      | Reached skill level 5 in Axes
  1160 | D:2      | Reached skill level 1 in Ranged Weapons
  1175 | D:2      | Reached XP level 4. HP: 41/41 MP: 3/3
  2073 | D:3      | Found a hide-covered altar of Uskayaw.
  2411 | D:4      | Noticed a scorpion
  2423 | D:4      | Killed a scorpion
  2424 | D:4      | Reached XP level 5. HP: 47/47 MP: 4/4
  2449 | D:4      | Found a hazy altar of Hepliaklqana.
  2453 | D:4      | Noticed a lemure
  2454 | D:4      | Noticed Robin
  2454 | D:4      | Noticed a lemure
  2550 | D:4      | Noticed Menkaure
  2559 | D:3      | Killed Robin
  2641 | D:4      | Killed Menkaure
  2642 | D:4      | Reached skill level 5 in Fighting
  2642 | D:4      | Reached skill level 6 in Axes
  2642 | D:4      | Reached XP level 6. HP: 56/56 MP: 5/5
  2703 | D:4      | Noticed Pikel
  2729 | D:4      | Killed Pikel
  2730 | D:4      | Reached skill level 7 in Axes
  2730 | D:4      | Reached XP level 7. HP: 62/62 MP: 6/6
  2835 | D:4      | Reached skill level 5 in Ranged Weapons
  2903 | D:4      | Noticed Edmund
  2911 | D:4      | Killed Edmund
  3021 | D:4      | Reached XP level 8. HP: 70/70 MP: 7/7
  3228 | D:5      | Entered Level 5 of the Dungeon
  3243 | D:5      | Found a sparkling altar of Nemelex Xobeh.
  3245 | D:5      | Found a snail-covered altar of Cheibriados.
  3247 | D:5      | Noticed Grinder
  3252 | D:5      | Paralysed by Grinder for 2 turns
  3255 | D:5      | Killed Grinder
  3256 | D:5      | Reached skill level 8 in Axes
  3299 | D:5      | Found Ruuvaiv's Magic Scroll Emporium.
  3308 | D:5      | Bought a scroll of identify for 28 gold pieces
  3308 | D:5      | Bought a scroll of identify for 28 gold pieces
  3308 | D:5      | Bought a scroll of identify for 28 gold pieces
  3308 | D:5      | Bought a scroll of fog for 56 gold pieces
  3355 | D:5      | Found an opulent altar of Gozag.
  3617 | D:5      | Reached skill level 5 in Armour
  3849 | D:5      | Found an iron altar of Okawaru.
  4014 | D:5      | Found a shimmering blue altar of Sif Muna.
  4022 | D:5      | Reached skill level 9 in Axes
  4224 | D:6      | Reached XP level 9. HP: 76/78 MP: 8/8
  4978 | D:6      | Found a staircase to the Ecumenical Temple.
  5535 | D:7      | Noticed Dowan
  5539 | D:7      | Noticed Duvessa
  5554 | D:7      | Killed Duvessa
  5555 | D:7      | Reached skill level 10 in Axes
  5555 | D:7      | Killed Dowan
  5992 | D:7      | Found an ancient bone altar of Kikubaaqudgha.
  6311 | D:7      | Found a stormy altar of Qazlal.
  7007 | D:8      | Reached skill level 11 in Axes
  7015 | D:8      | Reached XP level 10. HP: 88/88 MP: 9/9
  7387 | D:9      | Found Acieps's Weapon Shop.
  8060 | D:9      | Bought a +0 broad axe for 52 gold pieces
  8080 | D:9      | Found a staircase to the Lair.
  8318 | D:9      | Noticed Erica
  8332 | D:9      | Killed Erica
  8333 | D:9      | Reached skill level 12 in Axes
  8333 | D:9      | Reached skill level 10 in Ranged Weapons
  8514 | D:9      | Found a runed translucent gate.
  8514 | D:9      | Found a runed translucent gate.
  8514 | D:9      | Found a runed translucent gate.
  8514 | D:9      | Noticed a glowing orange brain
  8515 | D:9      | Noticed a red ugly thing
  8515 | D:9      | Noticed a cyan ugly thing
  8515 | D:9      | Noticed a brown ugly thing
  8518 | D:9      | Noticed a cyan ugly thing
  8759 | D:10     | Entered Level 10 of the Dungeon
  8759 | D:10     | Found Zin's Purification Station.
  8759 | D:10     | Found a glowing silver altar of Zin.
  8783 | D:10     | Noticed Psyche
  8798 | D:9      | Killed Psyche
  9169 | D:10     | Found a shadowy altar of Dithmenos.
  9361 | D:10     | Found a radiant altar of Vehumet.
  9504 | D:10     | Found a one-way gate to the infinite horrors of the Abyss.
  9585 | D:10     | Found a corrupted altar of Lugonu.
  9808 | D:10     | Noticed Joseph
  9837 | D:10     | Reached XP level 11. HP: 55/97 MP: 10/10
 10003 | D:10     | Noticed Lodul
 10016 | D:10     | Killed Lodul
 10103 | D:10     | You fall into a shaft and drop 2 floors!
 10109 | D:12     | Found a transporter.
 10109 | D:12     | Found a transporter.
 10112 | D:12     | Noticed a boulder beetle
 10112 | D:12     | Noticed a two-headed ogre
 10131 | D:12     | Reached skill level 13 in Axes
 10490 | D:10     | Noticed a two-headed ogre
 10499 | D:10     | Killed a two-headed ogre
 10500 | D:10     | Reached skill level 1 in Evocations
 10690 | D:10     | Noticed a lindwurm
 10691 | D:10     | Noticed a lindwurm
 10693 | D:10     | Killed from afar by a lava snake

Illustrated notes

Levels and vault maps discovered:
D:1:      minmay_arrival_three_doors, layout_basic
D:2:      layout_basic, shapermc_ecumenical_altar_notcrosses
D:3:      layout_loops_ring, nicolae_uskayaw_murder_on_the_dancefloor
D:4:      layout_rooms, overflow_temple_1_default, uniq_robin, uniq_edmund,
          uniq_pikel, uniq_menkaure
D:5:      layout_basic, kennysheep_mini_moat, nicolae_sif_muna_little_library,
          mainiacjoe_overflow_catwalk, jmf_multi_god_temple, serial_shops,
          nicolae_square_shop, lightli_minifort, uniq_grinder
D:6:      layout_layer_cave, minmay_temple_entry_antechambers,
          nicolae_underground_beach
D:7:      layout_rooms, nicolae_kikubaaqudgha_miasma_corner,
          lemuel_doored_altar, uniq_duvessa
D:8:      layout_rooms
D:9:      layout_rooms, due_lair_maze_entry_diamond,
          ploomutoo_gammafunk_ghost_potion_laboratory, serial_shops, shop,
          uniq_erica
D:10:     lemuel_flame_loot_2, layout_irregular_city, zin_purify,
          kennysheep_little_box, vehumet_altar_wand_db,
          amcnicky_altar_lugonu_corruption, uniq_psyche, uniq_lodul, uniq_joseph
D:11:     erik_cavepeople, layout_basic, gammafunk_ghost_ooze,
          minmay_rotating_lava
D:12:     layout_long_grid, kennysheep_orc_monster_closet_entryway,
          nzn_ghost_randoct, item_on_display_a

Skill      XL: |  1  2  3  4  5  6  7  8  9 10 11 |
---------------+----------------------------------+-----
Axes           | 4 5 6 7 9 11 12 13 | 13.4
Fighting       | 4 5 6 8 9 |  9.7
Ranged Weapons | 1 2 3 4 5 7 8 10 11 | 11.4
Armour         | 3 4 5 6 8 |  8.5
Evocations     | 1 |  1.2
Maces & Flails | |  0.3
Dodging        | |  2.1
Shields        | |  0.3

Action                     |  1- 3 |  4- 6 |  7- 9 | 10-12 || total
---------------------------+-------+-------+-------+-------++-------
  Melee: Hand axe          |    64 |    67 |    21 |       ||   152
         Headbutt          |    11 |    14 |    37 |    37 ||    99
         Whip              |       |       |    12 |       ||    12
         Dire flail        |       |       |     4 |       ||     4
         War axe           |       |       |   146 |   181 ||   327
   Fire: Sling             |    25 |    60 |   105 |   100 ||   290
 Invoke: Berserk           |       |     3 |    13 |    12 ||    28
         Trog's Hand       |       |     2 |    10 |    11 ||    23
  Evoke: Wand              |       |       |       |    11 ||    11
    Use: Scroll            |       |     5 |     9 |     4 ||    18
         Potion            |       |       |       |     1 ||     1
   Stab: Sleeping          |     1 |       |       |       ||     1
 Armour: Animal skin       |    13 |       |       |       ||    13
         Chain mail        |     2 |     5 |    23 |    94 ||   124
         Plate armour      |       |    52 |    67 |       ||   119
  Dodge: Dodged            |    46 |    34 |    62 |    74 ||   216
  Block: Buckler           |    11 |    44 |    33 |    43 ||   131

Table legend: (Time is in decaauts)
 A = Elapsed time spent in this place.
 B = Non-inter-level travel time spent in this place.
 C = Inter-level travel time spent in this place.
 D = Time resting spent in this place.
 E = Time spent auto-exploring this place.
 F = Levels seen in this place.
 G = Mean time per level.
                   A        B        C        D        E       F      G
               +--------+--------+--------+--------+--------+-----+--------+
         Total |  11027 |  10807 |    220 |   3587 |   5014 |  12 |  918.9 |
       Dungeon |  11027 |  10807 |    220 |   3587 |   5014 |  12 |  918.9 |
               +--------+--------+--------+--------+--------+-----+--------+

Top non-repeatable levels by time:
    D:10: 1549 daAuts
     D:9: 1389 daAuts
     D:6: 1356 daAuts
     D:8: 1032 daAuts
     D:3: 1018 daAuts
     D:5: 1011 daAuts
     D:7: 985 daAuts
     D:2: 894 daAuts
     D:4: 759 daAuts
     D:1: 679 daAuts
    D:11: 210 daAuts
    D:12: 141 daAuts
